 Dungeon Crawl Stone Soup version 0.22-a0-480-g991dd4b (webtiles) character file.

2789 emperorscorpion the Cleaver (level 9, 0/77 HPs)
             Began as a Hill Orc Fighter on June 16, 2018.
             Was an Initiate of Jiyva.
             Slain by Joseph
             ... wielding a +0 quarterstaff
              (10 damage)
             ... on level 8 of the Dungeon.
             The game lasted 00:10:26 (8139 turns).

emperorscorpion the Cleaver (Hill Orc Fighter)      Turns: 8139, Time: 00:10:27

Health: 0/77       AC: 19    Str: 23    XL:     9   Next: 71%
Magic:  0/9        EV:  6    Int:  7    God:    Jiyva [......]
Gold:   302        SH: 12    Dex: 12    Spells: 8/8 levels left

rFire    + . .     SeeInvis .   a - +2 war axe
rCold    + . .     Gourm    .   c - +1 shield
rNeg     . . .     Faith    .   y - +0 plate armour
rPois    +         Spirit   +   b - +2 helmet
rElec    .         Reflect  .   (no cloak)
rCorr    .         Harm     .   (no gloves)
MR       .....     Clarity  +   v - +0 pair of boots (curse)
Stlth    ..........             p - amulet of guardian spirit
HPRegen  0.22/turn              x - ring of stealth
MPRegen  0.11/turn              d - ring of Talikh {rF+ rC+ MR- Dex+2}

@: no status effects
A: slimy green scales 1, blink, clarity, mutation resistance 1, poison
resistance
a: Blink, Renounce Religion


You were on level 8 of the Dungeon.
You worshipped Jiyva.
Jiyva was noncommittal.
You were not hungry.

You visited 2 branches of the dungeon, and saw 9 of its levels.

You collected 302 gold pieces.

Inventory:

Hand Weapons
 a - a +2 war axe (weapon)
 q - a +0 flail
 t - a +0 morningstar
Missiles
 j - 7 tomahawks (quivered)
 m - 44 poisoned needles
 o - 7 needles of paralysis
Armour
 b - a +2 helmet (worn)
 c - a +1 shield (worn)
 s - a +1 hat
 v - a cursed +0 pair of boots (worn)
 w - a +0 helmet
 y - a +0 plate armour (worn)
 C - a +0 pair of boots
Jewellery
 d - the ring of Talikh (right hand) {rF+ rC+ MR- Dex+2}
   (You found it on level 6 of the Dungeon)

   [ring of protection from cold]

   It affects your dexterity (+2).
   It protects you from fire.
   It protects you from cold.
   It affects your resistance to hostile enchantments.
 p - an amulet of guardian spirit (around neck)
 x - a ring of stealth (left hand)
Wands
 i - a wand of disintegration (18)
 u - a wand of iceblast (10)
Scrolls
 e - 6 scrolls of teleportation
 h - 5 scrolls of remove curse
 k - 3 scrolls of fog {unknown}
 l - 4 scrolls of identify
 r - a scroll of enchant weapon
 A - a scroll of amnesia {unknown}
Potions
 g - a potion of lignification {unknown}
 n - 8 potions of curing
 z - a potion of cancellation
 B - 2 potions of flight {unknown}
 E - a potion of degeneration {unknown}
Comestibles
 f - 10 rations


   Skills:
 + Level 6.3 Fighting
 + Level 11.7 Axes
 + Level 0.3 Throwing
 + Level 7.1 Armour
 + Level 1.8 Dodging
 + Level 1.2 Stealth
 + Level 6.4 Shields


You had 8 spell levels left.
You didn't know any spells.
Your spell library contained the following spells:

 Spells                   Type           Power        Failure   Level  Hunger
 Magic Dart               Conj           #...         100%        1    ##.....
 Conjure Flame            Conj/Fire      #.......     100%        3    ####...
 Slow                     Hex            #.......     100%        2    ###....
 Mephitic Cloud           Conj/Pois/Air  #.......     100%        3    ####...
 Blink                    Tloc           N/A          100%        2    ###....
 Call Imp                 Summ           #.......     100%        2    ###....


Dungeon Overview and Level Annotations

Branches:
Dungeon (8/15)             Temple (1/1) D:6
   Lair: D:8-11

Altars:
Ashenzari
Cheibriados
Dithmenos
Fedhas
Gozag
Hepliaklqana
Makhleb
Nemelex Xobeh
Okawaru
Qazlal
Ru
Sif Muna
Trog
Uskayaw
Vehumet
Wu Jian
Xom
Zin
The Shining One
Jiyva

Shops:
D:6 }

Annotations:
D:8 Joseph


Innate Abilities, Weirdness & Mutations

You are partially covered in slimy green scales. (AC +2)
You can translocate small distances at will.
You possess an exceptional clarity of mind.
You are somewhat resistant to further mutation.
Your system is resistant to poisons. (rPois)


Message History

The two-headed ogre hits you with a giant spiked club!
Joseph hits you but does no damage.
Unknown command.
You closely miss Joseph.
Joseph is heavily wounded.
You slash the two-headed ogre!
You hear a distant slurping noise.
Jiyva appreciates your sacrifice.
The two-headed ogre hits you with a giant club!
The two-headed ogre hits you but does no damage.
You closely miss Joseph.
Joseph is heavily wounded.
You slash the two-headed ogre!
Joseph hits you with an uncursed quarterstaff.
* * * LOW HITPOINT WARNING * * *
The two-headed ogre hits you with a giant club!
* * * LOW HITPOINT WARNING * * *
The two-headed ogre hits you but does no damage.
Joseph hits you with an uncursed quarterstaff!
You die...

##..# . ... .... .. ..### #.##
[..## #......### #.## ...##
#).........##.(. ...##...# #.....#
#O.#..##### ###.[.#
#.@.....##.####....
##@#.##..........#. #.(# #.
........). ##.##... #####.....
##### ##..##..# #..#... .^..######
#..##..# ###....#. ###.##...#
#.#....# ##....##..
.ยง#.##.#.####...##.#####.........
..#..._........#...........####..
.....#.###.##......#.)###.##.....


You could see Joseph and a two-headed ogre.

Vanquished Creatures
  A two-headed ogre (D:8)
  The ghost of George the Basher, a novice GrFi of Makhleb (D:6)
  Grinder (D:4)
  A hippogriff (D:8)
  2 sky beasts
  An ice beast (D:6)
  2 ogres (D:5)
  A centaur (D:5)
  4 bullfrogs
  4 scorpions
  A crimson imp (D:7)
  A bullfrog zombie (D:7)
  A centaur zombie (D:6)
  A hound (D:5)
  A jelly (D:6)
  An orc wizard (D:3)
  An orc priest (D:5)
  Terence (D:3)
  Ijyb (D:3)
  2 worker ants
  A hound zombie (D:8)
  A hound skeleton (D:7)
  A worker ant zombie (D:5)
  Robin (D:3)
  5 adders
  A shadow imp (D:5)
  3 worms
  3 dart slugs
  5 leopard geckos
  19 orcs
  8 bats
  3 giant cockroaches
  11 goblins
  16 hobgoblins
  18 jackals
  4 kobolds
  2 quokkas
  5 frilled lizards
  A leopard gecko skeleton (D:5)
  6 rats
143 creatures vanquished.

Vanquished Creatures (others)
  A scorpion (D:8)
  A shadow imp (D:7)
2 creatures vanquished.

Grand Total: 145 creatures vanquished

Notes
Turn   | Place    | Note
-------+----------+-------------------------------------------
     0 | D:1      | emperorscorpion the Hill Orc Fighter began the quest for the Orb.
     0 | D:1      | Reached XP level 1. HP: 19/19 MP: 1/1
    78 | D:1      | Reached XP level 2. HP: 12/27 MP: 2/2
   821 | D:1      | Reached skill level 3 in Axes
   981 | D:1      | Reached XP level 3. HP: 33/33 MP: 3/3
  1872 | D:2      | Reached skill level 1 in Dodging
  2037 | D:2      | Found a shattered altar of Ashenzari.
  2244 | D:2      | Reached XP level 4. HP: 23/40 MP: 4/4
  2500 | D:3      | Noticed Ijyb
  2528 | D:3      | Killed Ijyb
  2568 | D:3      | Found a sacrificial altar of Ru.
  2568 | D:3      | Found a glowing golden altar of the Shining One.
  2691 | D:3      | Found a shimmering altar of Xom.
  2694 | D:3      | Reached skill level 4 in Axes
  2694 | D:3      | Reached XP level 5. HP: 46/46 MP: 5/5
  2753 | D:3      | Noticed Terence
  2767 | D:3      | Killed Terence
  2824 | D:3      | Noticed Robin
  2833 | D:3      | Killed Robin
  3159 | D:3      | Found a shadowy altar of Dithmenos.
  3293 | D:3      | Reached XP level 6. HP: 52/52 MP: 6/6
  3490 | D:4      | Noticed Grinder
  3499 | D:4      | Paralysed by Grinder for 2 turns
  3501 | D:4      | Gained mutation: You do not regenerate when monsters are visible. [potion of mutation]
  3501 | D:4      | Gained mutation: Your magical capacity is low. (-10% MP) [potion of mutation]
  3501 | D:4      | Gained mutation: You are clumsy. (Dex -2) [potion of mutation]
  3501 | D:4      | Gained mutation: You can translocate small distances at will. [potion of mutation]
  3507 | D:4      | Killed Grinder
  3507 | D:4      | Reached skill level 6 in Axes
  3991 | D:4      | Reached XP level 7. HP: 60/60 MP: 6/6
  4438 | D:5      | Entered Level 5 of the Dungeon
  4447 | D:5      | Lost mutation: Your magical capacity is low. (-10% MP) [potion of mutation]
  4447 | D:5      | Lost mutation: You are clumsy. (Dex -2) [potion of mutation]
  4447 | D:5      | Lost mutation: You do not regenerate when monsters are visible. [potion of mutation]
  4447 | D:5      | Gained mutation: You are somewhat resistant to further mutation. [potion of mutation]
  4447 | D:5      | Gained mutation: You possess an exceptional clarity of mind. [potion of mutation]
  4447 | D:5      | Gained mutation: Your system is resistant to poisons. (rPois) [potion of mutation]
  4447 | D:5      | Gained mutation: You are partially covered in slimy green scales. (AC +2) [potion of mutation]
  4516 | D:5      | Found a radiant altar of Vehumet.
  4624 | D:5      | Reached skill level 5 in Armour
  4624 | D:5      | Reached skill level 5 in Shields
  4765 | D:5      | Reached skill level 7 in Axes
  4775 | D:5      | Noticed a two-headed ogre
  5624 | D:5      | Reached skill level 5 in Fighting
  5624 | D:5      | Reached skill level 8 in Axes
  5624 | D:5      | Reached XP level 8. HP: 33/68 MP: 8/8
  6017 | D:6      | Reached skill level 1 in Stealth
  6129 | D:6      | Found a bloodstained altar of Trog.
  6176 | D:6      | Found Jirusi's Gadget Boutique.
  6278 | D:6      | Noticed George's ghost (novice GrFi)
  6293 | D:6      | Killed George's ghost
  6293 | D:6      | Reached skill level 9 in Axes
  6606 | D:6      | Got a flickering bronze ring
  6607 | D:6      | Identified the ring of Talikh {rF+ rC+ MR- Dex+2} (You found it on level 6 of the Dungeon)
  6771 | D:6      | Found a staircase to the Ecumenical Temple.
  6854 | Temple   | Entered the Ecumenical Temple
  6953 | Temple   | Became a worshipper of Jiyva Joicrak the Shapeless
  7019 | D:6      | Reached skill level 10 in Axes
  7244 | D:7      | Found a blossoming altar of Fedhas.
  7323 | D:7      | Reached XP level 9. HP: 75/75 MP: 9/9
  7751 | D:8      | Noticed a two-headed ogre
  7765 | D:8      | Killed a two-headed ogre
  7765 | D:8      | Reached skill level 11 in Axes
  8081 | D:8      | Found a sparkling altar of Nemelex Xobeh.
  8082 | D:8      | Found a stormy altar of Qazlal.
  8124 | D:8      | Noticed Joseph
  8127 | D:8      | Noticed a two-headed ogre
  8139 | D:8      | Slain by Joseph

Vault maps used:
D:1:      doesnt_arrival_eight_statues
D:2:      marbit_many_paths, first_ration, serial_bayou_pond_a,
          kennysheep_generic_room_6
D:3:      lemuel_round_altar, nicolae_dithmenos_shadow_blocks,
          grunt_temple_overflow_open, nrook_mini_backslash, st_stairs_14,
          uniq_robin, uniq_ijyb, uniq_terence
D:4:      uniq_grinder
D:5:      old_standard_altar, minmay_crystal_water
D:6:      kennysheep_little_box, minmay_temple_entry_enclosed_plants,
          serial_shops, shop
D:7:      fedhas_altar_1
D:8:      lemuel_crystal_altar, grunt_qazlal_clouds, kennysheep_vampire_church,
          uniq_joseph
Temple:   pf_slime_end_temple

Skill      XL: |  1  2  3  4  5  6  7  8  9 |
---------------+----------------------------+-----
Fighting       | 4 5 6 |  6.3
Axes           | 3 4 6 8 10 11 | 11.7
Dodging        | 1 |  1.8
Shields        | 4 5 6 |  6.4
Armour         | 4 5 6 7 |  7.1
Stealth        | 1 |  1.2
Throwing       | |  0.3

Action                   |  1- 3 |  4- 6 |  7- 9 || total
-------------------------+-------+-------+-------++-------
Melee: War axe           |   149 |   155 |   270 ||   574
Throw: Tomahawk          |       |     5 |       ||     5
  Use: Scroll            |     1 |       |    10 ||    11
       Potion            |       |     5 |     3 ||     8
  Eat: Chunk             |     4 |     6 |    10 ||    20
       Ration            |       |       |     1 ||     1
Armor: Scale mail        |    67 |    59 |    11 ||   137
       Plate armour      |       |       |   115 ||   115
Dodge: Dodged            |    43 |    49 |    47 ||   139
Block: Shield            |    92 |    58 |   141 ||   291

Table legend:
 A = Spawn XP
 B = Non-spawn XP
 C = Spawn XP percentage of total XP
 D = Spawn monster count
 E = Non-spawn monster count
 F = Spawn count percentage of total count
 G = Total turns spent on level
                    A         B        C        D         E        F      G
               +---------+---------+-------+---------+---------+-------+---------
         Total |       0 |    3985 |   0.0 |       0 |     143 |   0.0 |  8139
               +---------+---------+-------+---------+---------+-------+---------
           D:1 |       0 |      46 |   0.0 |       0 |      24 |   0.0 |  1247
           D:2 |       0 |      43 |   0.0 |       0 |      21 |   0.0 |  1164
           D:3 |       0 |     231 |   0.0 |       0 |      41 |   0.0 |  1045
           D:4 |       0 |     336 |   0.0 |       0 |       8 |   0.0 |  1052
           D:5 |       0 |     615 |   0.0 |       0 |      20 |   0.0 |  1504
           D:6 |       0 |    1048 |   0.0 |       0 |      10 |   0.0 |  1113
           D:7 |       0 |     221 |   0.0 |       0 |      12 |   0.0 |   348
           D:8 |       0 |    1445 |   0.0 |       0 |       7 |   0.0 |   547
               +---------+---------+-------+---------+---------+-------+---------
